Unix NetHack Version 3.7.0-101 Work-in-progress - last build Mar 4 2024 13:34:30 (3c4ac04b664b9ee0831c739617f054b5b60dbfd1,branch:master). Game began 2024-03-10 12:25:36, ended 2024-03-10 12:37:18. Cloudmillion, lawful female human Valkyrie ## ## ####### --------------- a #--- |.............| # #|...| |*.............# # #....| |.)...........|#### # # |.%.| |........[.....####### # ...| --------------- # # .(| # # --- ################# Cloudmillion the Skirmisher St:18/01 Dx:13 Co:18 In:9 Wi:9 Ch:9 Lawful Dlvl:9 $:208 HP:0(42) Pw:8(8) AC:-4 Xp:5 T:1952 Latest messages: The black unicorn butts! The black unicorn kicks! You miss the black unicorn. The black unicorn butts! The black unicorn kicks! The black unicorn butts! The black unicorn kicks! You kill the black unicorn! There is a black unicorn corpse here; eat it? [ynq] (n) y Blecch! Rotten food! Everything suddenly goes dark. It misses! You stop eating the black unicorn corpse. It misses! You miss it. It just misses! It hits! You hit it. It hits! It hits again! You miss it. You hit it. It hits! It misses! You hit it. It misses! It misses! You miss it. It hits! It misses! You hit it. It hits! It misses! You feel more confident in your weapon skills. (Use the #enhance command to advance them.) You hit it. It misses! You can see again. You are now more skilled in spear. What do you want to drink? [fhipw or ?*] f You feel agile! The gold golem hits! The gold golem hits again! The giant ant bites! You die... Do you want your possessions identified? [ynq] (y) y Do you want to see your attributes? [ynq] (y) y Do you want an account of creatures vanquished? [ynaq] (y) y Do you want to see your conduct and achievements? [ynq] (y) y Do you want to see the dungeon overview? [ynq] (y) y Inventory: Coins $ - 208 gold pieces Weapons b - a blessed +0 dagger l - a +0 orcish spear a - a +1 spear (weapon in right hand) s - a +0 silver saber Armor g - an uncursed +0 pair of gauntlets of dexterity (being worn) x - an uncursed +0 pair of iron shoes (being worn) y - a cursed +0 pair of speed boots c - a blessed +3 small shield (being worn) u - an uncursed +0 cloak of invisibility (being worn) C - a cursed +0 T-shirt with text "Furinkan High School Athletic Dept." k - an uncursed +0 splint mail (being worn) Comestibles B - an uncursed egg Scrolls v - an uncursed scroll of amnesia E - 2 uncursed scrolls of blank paper n - a cursed scroll of confuse monster q - a cursed scroll of create monster m - an uncursed scroll of enchant armor r - an uncursed scroll of magic mapping Spellbooks A - an uncursed spellbook of jumping Potions i - an uncursed potion of fruit juice f - an uncursed potion of gain ability w - an uncursed potion of gain energy h - an uncursed potion of paralysis p - 2 uncursed potions of water Wands D - a wand of cancellation named Cancellation? (0:2) e - a wand of secret door detection (0:9) Tools z - an uncursed brass lantern o - a cursed tin whistle Cloudmillion the Valkyrie's attributes: Background: You were a Skirmisher, a level 5 human Valkyrie. You were lawful, on a mission for Tyr who was opposed by Odin (neutral) and Loki (chaotic). You were right-handed. You were in the Dungeons of Doom, on level 9. You entered the dungeon 1952 turns ago. There was a new moon in effect when your adventure ended. You had 224 experience points, 96 more were needed to attain level 6. Basics: You had 0 out of 42 hit points. You had all 8 energy points (spell power). Your armor class was -4. Your wallet contained 208 zorkmids. Autopickup was off. Final Characteristics: Your strength was 18/01 (limit:18/100). Your dexterity was 13 (limit:18). Your constitution was 18 (limit:18). Your intelligence was 9 (limit:18). Your wisdom was 9 (limit:18). Your charisma was 9 (limit:18). Final Status: You weren't hungry. You were unencumbered. You were wielding a spear. You were skilled in spear. Final Attributes: You were devoutly aligned. You were cold resistant. You were invisible. You were stealthy. You were warded. You are dead. Miscellaneous: You never encountered a bones level. Total elapsed playing time was 11 minutes and 42 seconds. Major events: Turn 1: Cloudmillion the lawful human Valkyrie entered the dungeon 617: attained the rank of Skirmisher (level 3) 1952: killed by a giant ant Vanquished creatures: a leprechaun a black unicorn a paper golem 2 giant ants a hill orc a rabid rat a giant bat an iguana an acid blob 2 coyotes a gas spore 2 hobbits a cave spider a yellow mold a green mold 2 red molds 2 gnomes 5 garter snakes a gnome zombie 4 geckos 5 jackals a fox 2 kobolds a goblin 4 grid bugs 2 bats a lichen a kobold zombie 6 newts 55 creatures vanquished. No species were genocided or became extinct. Voluntary challenges: You read items or engraved 3 times. You never engraved Elbereth. You never genocided any monsters. You never polymorphed an object. You never changed form. You used no wishes. Achievements: You attained the rank of Skirmisher. You entered a shop. The Dungeons of Doom: levels 1 to 9 Level 1: A fountain. Level 2: Some fountains. Level 3: Level 4: Level 5: An altar. Level 7: Level 9: <- You were here. Final resting place for you, killed by a giant ant. Game over: ---------- / \ / REST \ / IN \ / PEACE \ / \ | Cloudmillion | | 208 Au | | killed by a | | giant ant | | | | | | 2024 | *| * * * | * _________)/\\_//(\/(/\)/\//\/|_)_______ Farvel Cloudmillion the Valkyrie... You died in The Dungeons of Doom on dungeon level 9 with 1504 points, and 208 pieces of gold, after 1952 moves. You were level 5 with a maximum of 42 hit points when you died.